 Dungeon Crawl Stone Soup version 0.28.0-47-ge53b351184 (webtiles) character file.

Game seed: 10115883570201386658

25480 101zpm the Eclecticist (level 13, -7/69 HPs)
             Began as a Djinni Fire Elementalist on May 5, 2022.
             Was an Elder of Hepliaklqana.
             Killed by an exploding vampire mosquito (13 damage)
             ... ignited by their inner flame
             ... on level 13 of the Dungeon.
             The game lasted 00:57:12 (23098 turns).

101zpm the Eclecticist (Djinni Fire Elementalist)  Turns: 23098, Time: 00:57:13

Health: -7/69      AC:  3    Str:  6    XL:     13   Next: 50%
Gold:   450        EV: 13    Int: 22    God:    Hepliaklqana [****..] SH:  0 Dex: 16

rFire   + + .      SeeInvis .   v - +8 dagger "Dugutsee" {vorpal, rC+ rCorr Str-3 Int+2}
rCold   . . .      Faith    .   (no shield)
rNeg    . . .      Spirit   .   a - +0 robe
rPois   ∞          Reflect  .   i - +0 helmet
rElec   .          Harm     .   (no cloak)
rCorr   +          Rampage  .   (no gloves)
Will    +....                   (boots unavailable)
Stlth   +++.......              (no amulet)
HPRegen 0.21/turn               x - ring "Qavuf" {rPois Str+2}
MPRegen 0.00/turn               J - ring of wizardry

@: flying
A: reduced essence, sickness immunity, fire resistance 2, cold vulnerability 1,
float, innate caster, HP casting, extra vitality 1
a: Renounce Religion, Recall Ancestor, Ancestor Identity, Transference, Idealise


You were on level 13 of the Dungeon.
You worshipped Hepliaklqana.
Hepliaklqana was greatly pleased with you.
You visited 3 branches of the dungeon, and saw 15 of its levels.

You collected 660 gold pieces.
You spent 210 gold pieces at shops.

Inventory:

Hand Weapons
 v - the +8 dagger "Dugutsee" (weapon) {vorpal, rC+ rCorr Str-3 Int+2}
   (You found it on level 9 of the Dungeon)

   It inflicts extra damage upon your enemies.
   Str:       It affects your strength (-3).
   Int:       It affects your intelligence (+2).
   rC:        It protects you from cold.
   rCorr:     It protects you from acid and corrosion.
 y - a +3 spear of flaming
 B - a +6 hand axe of electrocution
 I - the +6 short sword "Vuck" {vorpal, Will+}
   (You found it on level 6 of the Dungeon)

   It inflicts extra damage upon your enemies.
   Will:      It increases your willpower.
 S - a +5 dire flail of protection
Missiles
 c - 23 boomerangs
 d - 19 poisoned darts
 E - a throwing net
 N - 124 sling bullets
 O - 139 bolts
 P - 5 silver javelins
 Q - 292 stones
 R - 175 arrows
 U - 11 curare-tipped darts
Armour
 a - a +0 robe (worn)
 i - a +0 helmet (worn)
 T - a +0 leather armour
Jewellery
 t - a ring of fire
 x - the ring "Qavuf" (left hand) {rPois Str+2}
   (You took it off a tengu warrior on level 9 of the Dungeon)

   [ring of poison resistance]

   Str:       It affects your strength (+2).
   rPois:     It protects you from poison.
 J - a ring of wizardry (right hand)
Wands
 l - a wand of flame (52)
 m - a wand of iceblast (10)
 o - a wand of charming (3)
 A - a wand of mindburst (26)
 F - a wand of polymorph (11)
 K - a wand of paralysis (7)
Scrolls
 f - a scroll of holy word
 j - 5 scrolls of enchant weapon
 n - 8 scrolls of teleportation
 s - a scroll of enchant armour
 u - 4 scrolls of magic mapping
 C - a scroll of immolation
 D - 4 scrolls of blinking
 G - 2 scrolls of brand weapon
 L - a scroll of fear
 V - a scroll of fog
Potions
 b - 2 potions of brilliance
 e - a potion of lignification
 g - 4 potions of attraction
 h - 2 potions of resistance
 k - 2 potions of flight
 p - 6 potions of degeneration
 q - 4 potions of mutation
 r - 3 potions of curing
 w - 2 potions of heal wounds {unknown}
 z - 3 potions of cancellation {unknown}
 H - 2 potions of haste {unknown}
 M - 4 potions of berserk rage {unknown}


   Skills:
 + Level 1.3 Fighting
 + Level 1.2 Short Blades
 + Level 3.6 Dodging
 + Level 4.5 Stealth
 + Level 16.3 Spellcasting


You had 11 spell levels left.
You knew the following spells:

 Your Spells              Type           Power      Damage    Failure   Level
a - Foxfire               Conj/Fire      100%       2x1d9     0%          1
b - Scorch                Fire           100%       2d10      0%          2
c - Conjure Flame         Conj/Fire      74%        6-21      0%          3
d - Inner Flame           Hex/Fire       74%        N/A       0%          3
e - Flame Wave            Conj/Fire      74%        2d13      1%          4
f - Summon Small Mammal   Summ           100%       N/A       0%          1
g - Blink                 Tloc           100%       N/A       0%          2
h - Ignite Poison         Fire/Tmut/Pois 74%        N/A       0%          3
i - Animate Dead          Necr           37%        N/A       1%          4
j - Silence               Hex/Air        37%        N/A       1%          5
k - Iskenderun's Battles  Conj           74%        2d12      1%          5
Your spell library was empty.

Dungeon Overview and Level Annotations

Branches:
Dungeon (13/15)            Temple (1/1) D:6            Lair (0/6) D:10
    Orc (1/2) D:10
 Vaults: D:13-14

Altars:
Ashenzari
Cheibriados
Dithmenos
Elyvilon
Fedhas
Gozag
Hepliaklqana
Kikubaaqudgha
Makhleb
Nemelex Xobeh
Okawaru
Qazlal
Ru
Sif Muna
Trog
Uskayaw
Vehumet
Wu Jian
Xom
Yredelemnul
Zin
The Shining One

Shops:
D:10 :?(


Innate Abilities, Weirdness & Mutations

Your life essence is reduced to manifest your ancestor. (-10% HP)
You are immune to sickness and miasma.
You are immune to poison.
Your flesh is very heat resistant. (rF++)
You are vulnerable to cold. (rC-)
You float through the air rather than walking.
You learn spells naturally, not from books.
Your magical power is your life essence.
You have superior vitality. (+4 MHP)


Message History

Casting: Inner Flame (safe; 0% risk of failure)
Confirm with . or Enter, or press ? or * to list all spells.
Flames lash the vampire mosquito.
The vampire mosquito explodes!
The fiery explosion engulfs you! You resist.
The vampire mosquito is engulfed in blazing flames. x2
Flame seeps out of the vampire mosquito.
Kaya blocks the vampire mosquito's attack.
Kaya hits the vampire mosquito with a +0 flail!
Flame seeps out of the vampire mosquito.
The vampire mosquito is engulfed in blazing flames.
The vampire mosquito explodes!
Kaya avoids your attack.
Casting: Scorch (safe; 0% risk of failure)
Confirm with . or Enter, or press ? or * to list all spells.
Aiming: Inner Flame (safe; 0% risk of failure)
Press: ? - help, Dir - move target, f - vampire mosquito
Aim: a vampire mosquito (lightly damaged, chance to affect: 98%)
The vampire mosquito is filled with an inner flame.
* * * LOW HITPOINT WARNING * * *
The vampire mosquito is engulfed in blazing flames.
Flame seeps out of the vampire mosquito.
The vampire mosquito bites you!
* * * LOW HITPOINT WARNING * * *
The vampire mosquito is engulfed in blazing flames.
Flame seeps out of the vampire mosquito.
The vampire mosquito closely misses you.
Casting: Foxfire (safe; 0% risk of failure)
Press: ? - help, Q - select action, (/) - cycle Dir - look around, f - activate You conjure some foxfire!
* * * LOW HITPOINT WARNING * * *
The vampire mosquito bites you.
* * * LOW HITPOINT WARNING * * *
Kaya hits the vampire mosquito with a +0 flail!
The vampire mosquito explodes!
Kaya avoids your attack.
The fiery explosion engulfs your foxfire.
Your foxfire completely resists.
The fiery explosion engulfs you! You resist.
You die...

#.......##....#..
#..#........###.#
...##........#..# #
#..#.......§##..### .#
#...........§.☼.#.##...
#..#.......#§.§.#.....
#.##.......#§§§§§.# .
..#........>.§R§§.##....
..............§v@......#
.###...........v#......#
.# ##.....##...........#
.# ##......#.........?##
.# #......##..........#
.......#.............##
.......#...........###
##.............##.##
...................#


You could see the friendly Kaya the knight.

Vanquished Creatures
  Frances (D:13)
  A hydra (D:12)
  2 two-headed ogres (D:11)
  A death knight (D:12)
  2 tengu warriors
  Sonja (D:10)
  A deep elf pyromancer (D:12)
  An ugly thing (D:13)
  5 cyclopes
  The ghost of Silk the Sneak, a novice KoEn of Makhleb (D:6)
  Maggie (D:8)
  An unseen horror (D:12)
  A yaktaur (shapeshifter) (D:13)
  2 trolls
  Grinder (D:6)
  A hornet (D:8)
  A vampire (D:13)
  4 wraiths
  2 shadows
  25 yaks
  A steam dragon (D:8)
  8 vampire mosquitoes
  An acid dragon (D:13)
  2 water moccasins
  4 orc warriors
  3 sky beasts (D:6)
  A black bear (D:5)
  3 wolves (D:8)
  6 centaurs
  3 ogres
  5 kobold brigands
  3 bullfrogs
  A scorpion (D:5)
  10 killer bees
  3 wights (D:8)
  6 howler monkeys
  6 centaur zombies
  A bullfrog zombie (D:5)
  A jelly (D:4)
  2 orc priests
  A centaur skeleton (D:5)
  3 hounds
  A bullfrog skeleton (D:5)
  Terence (D:3)
  4 orc wizards
  Ijyb (D:3)
  2 iguanas
  A hound skeleton (D:5)
  5 gnolls
  A howler monkey skeleton (D:6)
  10 adders
  A shadow imp (D:5)
  2 white imps
  An adder skeleton (D:4)
  2 worms (D:6)
  5 dart slugs
  20 orcs
  7 ball pythons
  5 bats
  4 endoplasms
  2 giant cockroaches
  11 jackals
  4 quokkas
  2 frilled lizards (D:2)
  6 goblins
  15 kobolds
  4 rats
246 creatures vanquished.

Vanquished Creatures (collateral kills)
  Harold (D:8)
  A dancing weapon (D:6)
  An ugly thing (D:11)
  A manticore (D:12)
  2 centaur zombies (D:11)
  A kobold demonologist (D:8)
  A jumping spider (shapeshifter) (D:13)
  A vampire (D:12)
  A wraith (D:12)
  4 yaks
  Grum (D:8)
  A vampire mosquito (D:13)
  Edmund (D:5)
  An ogre (Orc:1)
  Blork the orc (D:4)
  A gnoll sergeant (D:10)
  A wight (D:8)
  A howler monkey (D:9)
  A gnoll shaman (D:9)
  A hound skeleton (D:4)
  2 gnolls (D:10)
  2 orcs
  An endoplasm (D:4)
  3 foxfires (D:10)
32 creatures vanquished.

Vanquished Creatures (others)
  3 knights
  1156 foxfires
  10 plants (D:10)
  2 withered plants (D:3)
1171 creatures vanquished.

Grand Total: 1449 creatures vanquished

Notes
Turn   | Place    | Note
-------+----------+-------------------------------------------
     0 | D:1      | 101zpm the Djinni Fire Elementalist began the quest for the
                  | Orb.
     0 | D:1      | Reached XP level 1. HP: 15/15 MP: 0/0
   341 | D:1      | Reached XP level 2. HP: 9/21 MP: 0/0
  1087 | D:2      | Reached skill level 3 in Spellcasting
  1100 | D:2      | Reached XP level 3. HP: 16/25 MP: 0/0
  1100 | D:2      | Learned a level 1 spell: Summon Small Mammal
  1534 | D:3      | Noticed Terence
  1542 | D:3      | Killed Terence
  1543 | D:3      | Reached XP level 4. HP: 7/31 MP: 0/0
  1971 | D:3      | Found a faded altar of an unknown god.
  2096 | D:3      | Noticed Ijyb
  2108 | D:3      | Killed Ijyb
  2155 | D:3      | Reached skill level 4 in Spellcasting
  2155 | D:3      | Reached XP level 5. HP: 6/35 MP: 0/0
  2155 | D:3      | Learned a level 2 spell: Blink
  3255 | D:5      | Entered Level 5 of the Dungeon
  3263 | D:5      | Reached XP level 6. HP: 13/40 MP: 0/0
  3622 | D:5      | Noticed a black bear
  3628 | D:5      | Killed a black bear
  3629 | D:5      | Reached skill level 5 in Spellcasting
  3903 | D:6      | Reached XP level 7. HP: 29/45 MP: 0/0
  3903 | D:6      | Learned a level 3 spell: Ignite Poison
  3915 | D:6      | Noticed Grinder
  3921 | D:6      | Killed Grinder
  3922 | D:6      | Reached skill level 6 in Spellcasting
  4317 | D:6      | Found a runed translucent door.
  4317 | D:6      | Found a shimmering altar of Xom.
  4317 | D:6      | Noticed Silk's ghost (novice KoEn)
  4317 | D:6      | Noticed a +1 dagger of chaos
  4354 | D:6      | Reached XP level 8. HP: 36/50 MP: 0/0
  4687 | D:6      | Noticed a yak
  4687 | D:6      | Noticed a yak
  4687 | D:6      | Noticed a yak
  4687 | D:6      | Noticed a yak
  4691 | D:6      | Noticed a yak
  4692 | D:6      | Killed a yak
  4693 | D:6      | Reached skill level 7 in Spellcasting
  4697 | D:6      | Killed a yak
  4703 | D:6      | Killed a yak
  4703 | D:6      | Killed a yak
  4704 | D:6      | Reached skill level 8 in Spellcasting
  4716 | D:6      | Killed a yak
  4717 | D:6      | Reached XP level 9. HP: 16/55 MP: 0/0
  4717 | D:6      | Learned a level 4 spell: Animate Dead
  5484 | D:6      | Reached skill level 9 in Spellcasting
  5596 | D:6      | Found a staircase to the Ecumenical Temple.
  5608 | Temple   | Entered the Ecumenical Temple
  5771 | Temple   | Became a worshipper of Hepliaklqana the Forgotten
  6177 | D:6      | Found a burning altar of Makhleb.
  6620 | D:6      | Identified the +6 short sword "Vuck" {vorpal, Will+}
  6737 | D:7      | Reached * piety under Hepliaklqana
  7373 | D:8      | Reached ** piety under Hepliaklqana
  7374 | D:8      | Remembered your ancestor Kaya as a knight
  7743 | D:9      | Identified the +8 dagger "Dugutsee" {vorpal, rC+ rCorr
                  | Str-3 Int+2}
  8226 | D:9      | Identified the ring "Qavuf" {rPois Str+2}
  8226 | D:9      | Noticed a tengu warrior
  8233 | D:9      | Killed a tengu warrior
  8234 | D:9      | Reached skill level 10 in Spellcasting
  8234 | D:9      | Reached XP level 10. HP: 30/54 MP: 0/0
  8405 | D:9      | Reached skill level 11 in Spellcasting
  8962 | D:9      | Reached XP level 11. HP: 47/58 MP: 0/0
  8962 | D:9      | Learned a level 5 spell: Silence
  9200 | D:10     | Entered Level 10 of the Dungeon
  9200 | D:10     | Found Buturofa's Book Emporium.
  9219 | D:10     | Reached skill level 12 in Spellcasting
  9281 | D:10     | Found Qejitut's Magic Scroll Shoppe.
  9295 | D:10     | Bought a scroll of identify for 24 gold pieces
  9295 | D:10     | Bought a scroll of identify for 24 gold pieces
  9295 | D:10     | Bought a scroll of magic mapping for 42 gold pieces
  9295 | D:10     | Bought a scroll of identify for 24 gold pieces
  9295 | D:10     | Bought a scroll of identify for 24 gold pieces
  9295 | D:10     | Bought a scroll of identify for 24 gold pieces
  9295 | D:10     | Bought 2 scrolls of identify for 48 gold pieces
  9530 | D:10     | Found a staircase to the Orcish Mines.
  9642 | D:10     | Found a staircase to the Lair.
  9698 | D:10     | Noticed Sonja
  9705 | D:10     | Killed Sonja
 10319 | D:10     | Found Lauzir's Antique Weapon Emporium.
 10721 | D:10     | Reached skill level 13 in Spellcasting
 10854 | D:10     | Reached *** piety under Hepliaklqana
 11052 | D:8      | Noticed Maggie
 11056 | D:8      | Killed Maggie
 11114 | D:8      | Noticed Harold
 11117 | D:8      | Killed Harold
 11939 | D:8      | Noticed Grum
 11944 | D:8      | Killed Grum
 11945 | D:8      | Reached XP level 12. HP: 47/63 MP: 0/0
 12230 | D:11     | Noticed a two-headed ogre
 12237 | D:11     | Killed a two-headed ogre
 12238 | D:11     | Reached skill level 14 in Spellcasting
 12602 | D:11     | Reached skill level 1 in Short Blades
 12809 | D:11     | Noticed a tengu warrior
 12818 | D:11     | Killed a tengu warrior
 13423 | D:11     | Noticed a two-headed ogre
 13429 | D:11     | Killed a two-headed ogre
 13613 | D:11     | Reached skill level 15 in Spellcasting
 13971 | D:9      | Reached **** piety under Hepliaklqana
 14729 | D:5      | Noticed Edmund
 14739 | D:5      | Killed Edmund
 15999 | D:4      | Noticed Blork the orc
 16004 | D:4      | Killed Blork the orc
 19927 | D:6      | Killed a +1 dagger of chaos
 19928 | D:6      | Reached skill level 1 in Fighting
 19928 | D:6      | Reached XP level 13. HP: 10/68 MP: 0/0
 19928 | D:6      | Learned a level 5 spell: Iskenderun's Battlesphere
 19959 | D:6      | Killed Silk's ghost
 21096 | Orc:1    | Entered Level 1 of the Orcish Mines
 21812 | D:12     | Noticed an eight-headed hydra
 21817 | D:12     | Killed an eight-headed hydra
 22804 | D:13     | Reached skill level 16 in Spellcasting
 23003 | D:13     | Noticed Frances
 23011 | D:13     | Killed Frances
 23098 | D:13     | Killed by an exploding vampire mosquito... ignited by their
                  | inner flame

Illustrated notes

Levels and vault maps discovered:
D:1:      matt_arrival_spirals, layout_rooms, st_stairs_12
D:2:      layout_loops_ring, kennysheep_generic_room_6
D:3:      layout_basic, ebering_ecumenical_altar_petrified, uniq_ijyb,
          uniq_terence
D:4:      minmay_door_path, layout_loops_ring, uniq_blork_the_orc
D:5:      layout_basic, uniq_edmund
D:6:      layout_loops_corners, makhleb_heckhound_becter,
          minmay_temple_entry_drinking_statues, ebering_ghost_xom,
          cheibrodos_sewer_entry_sluice, uniq_grinder
D:7:      layout_gridville
D:8:      layout_basic, uniq_harold, uniq_maggie, uniq_grum
D:9:      layout_loops_ring
D:10:     layout_loops_cross, dpeg_oklobed_lair, serial_shops, shop,
          kennysheep_mini_moat, shop_fountains, hangedman_decor_diamond_cutter,
          uniq_sonja
D:11:     layout_cave_pools, nzn_random_ring
D:12:     layout_basic, grunt_decor_one_mirror
D:13:     layout_cave_pools, minmay_diced_spiral, uniq_frances
Temple:   compressed_dpeg_circular_temple
Orc:1:    layout_caves

Skill      XL: |  1  2  3  4  5  6  7  8  9 10 11 12 13 |
---------------+----------------------------------------+-----
Spellcasting   | 3 4 5 6 8 10 11 13 15 16 | 16.3
Stealth        | 2 3 4 |  4.5
Dodging        | 3 |  3.6
Short Blades   | 1 |  1.2
Fighting       | 1 |  1.3

Action                   |  1- 3 |  4- 6 |  7- 9 | 10-12 | 13-15 || total
-------------------------+-------+-------+-------+-------+-------++-------
Melee: Dagger            |       |       |       |     3 |       ||     3
 Cast: Foxfire           |    61 |    85 |   162 |   344 |    84 ||   736
       Scorch            |     6 |    23 |    21 |    82 |    25 ||   157
       Summon Small Mamm |     3 |       |    10 |    50 |     9 ||    72
       Inner Flame       |       |    11 |    44 |   136 |    30 ||   221
       Blink             |       |     1 |       |     1 |       ||     2
       Animate Dead      |       |       |     1 |       |       ||     1
       Flame Wave        |       |       |       |     1 |       ||     1
       Conjure Flame     |       |       |       |     2 |       ||     2
       Iskenderun's Batt |       |       |       |       |     3 ||     3
Invok: Ancestor Life: Kn |       |       |     1 |       |       ||     1
       Recall Ancestor   |       |       |       |     1 |       ||     1
  Use: Scroll            |       |     5 |       |    14 |       ||    19
Armor: Robe              |     2 |     2 |     3 |     7 |     2 ||    16
Dodge: Dodged            |     1 |     4 |     7 |    26 |     5 ||    43
